 Dungeon Crawl Stone Soup version 0.29-a0-356-g7bc237e783 (webtiles) character file.

Game seed: 2077722319245805872

2118 Shayle the Sneak (level 9, -10/54 HPs)
             Began as a Tengu Brigand on Apr 27, 2022.
             Was an Initiate of Vehumet.
             Mangled by a two-headed ogre
             ... wielding a +0 dire flail
              (28 damage)
             ... while paralysed by Grinder
             ... on level 6 of the Dungeon.
             The game lasted 00:23:57 (8136 turns).

Shayle the Sneak (Tengu Brigand)                    Turns: 8136, Time: 00:23:58

Health: -10/54     AC:  8    Str: 11    XL:     9   Next: 29%
Magic:  16/16      EV:  2    Int: 16    God:    Vehumet [......]
Gold:   233        SH:  0    Dex: 16    Spells: 13/17 levels left

rFire   . . .      SeeInvis .   v - +3 dagger (venom)
rCold   . . .      Faith    .   (no shield)
rNeg    . . .      Spirit   .   t - +0 ring mail
rPois   .          Reflect  .   (helmet restricted)
rElec   .          Harm     .   c - +2 cloak
rCorr   .          Rampage  .   (no gloves)
Will    .....                   (boots unavailable)
Stlth   +++.......              (no amulet)
HPRegen 0.18/turn               (no ring)
MPRegen 0.15/turn               (no ring)

@: paralysed, flying quickly and evasively, quick
A: beak, talons 3, nimble flight
a: Renounce Religion


You were on level 6 of the Dungeon.
You worshipped Vehumet.
Vehumet was noncommittal.
You visited 2 branches of the dungeon, and saw 7 of its levels.

You collected 363 gold pieces.
You spent 130 gold pieces at shops.

Inventory:

Hand Weapons
 u - a +2 dagger of draining
 v - a +3 dagger of venom (weapon)
 C - a +1 rapier of speed
Missiles
 d - 8 poisoned darts (quivered)
 y - 3 silver javelins
Armour
 b - a +0 robe
 c - a +2 cloak (worn)
 t - a +0 ring mail (worn)
Jewellery
 x - a ring of willpower
Wands
 B - a wand of paralysis (3)
 D - a wand of digging (7)
Scrolls
 a - 3 scrolls of teleportation
 g - a scroll of fear
 k - 2 scrolls of noise
 l - a scroll of enchant weapon
 o - a scroll of enchant armour
 p - 4 scrolls of magic mapping
 A - 3 scrolls of immolation
Potions
 f - 3 potions of curing
 h - a potion of degeneration
 j - 2 potions of attraction
 m - 2 potions of mutation
 n - 2 potions of invisibility
 q - 2 potions of flight
 r - a potion of berserk rage {unknown}
 w - a potion of brilliance {unknown}


   Skills:
 + Level 5.5 Fighting
 - Level 2.1 Short Blades
 - Level 2.0 Throwing
 + Level 5.5 Dodging
 - Level 5.8 Stealth
 + Level 4.5 Spellcasting
 + Level 3.3 Transmutations
 + Level 2.7 Ice Magic
 + Level 4.1 Poison Magic


You had 13 spell levels left.
You knew the following spells:

 Your Spells              Type           Power      Damage    Failure   Level
a - Sting                 Tmut/Pois      60%        1d6       9%          1
b - Frozen Ramparts       Ice            24%        1d4       36%         3

Your spell library contained the following spells:

 Spells                   Type           Power      Damage    Failure   Level
 Poisonous Vapours        Pois/Air       20%        N/A       26%         2
 Ozocubu's Armour         Ice            12%        N/A       36%         3
 Olgreb's Toxic Radiance  Pois           16%        N/A       58%         4
 Ice Form                 Ice/Tmut       13%        N/A       75%         4
 Summon Ice Beast         Ice/Summ       8%         N/A       91%         4
 Ozocubu's Refrigeration  Ice            6%         4d6       100%        7


Dungeon Overview and Level Annotations

Branches:
Dungeon (6/15)             Temple (1/1) D:5

Altars:
Cheibriados
Dithmenos
Fedhas
Gozag
Kikubaaqudgha
Nemelex Xobeh
Okawaru
Ru
Sif Muna
Uskayaw
Vehumet
Wu Jian
Yredelemnul
The Shining One

Shops:
D:3 :   D:4 *

Annotations:
D:4 1 runed translucent door, Crazy Yiuf
D:6 Grinder


Innate Abilities, Weirdness & Mutations

You have a beak for a mouth.
You have claws for feet.
Your magical nature lets you fly swiftly and evasively.


Message History

Throw: 13 darts (poison)
Press: ? - help, Q - select action, (/) - cycle Shift-Dir - straight line, f/p - two-headed ogre
Aim: a two-headed ogre, wielding a +0 dire flail and a +0 giant spiked club (heavily wounded, extremely poisoned, 77% to hit)
You throw a poisoned dart.
The poisoned dart barely misses the two-headed ogre.
Throw: 12 darts (poison)
Press: ? - help, Q - select action, (/) - cycle Shift-Dir - straight line, f/p - two-headed ogre
Aim: a two-headed ogre, wielding a +0 dire flail and a +0 giant spiked club (heavily wounded, extremely poisoned, 77% to hit)
You throw a poisoned dart.
The poisoned dart hits the two-headed ogre.
The two-headed ogre looks as sick as possible!
The two-headed ogre is heavily wounded.
Throw: 11 darts (poison)
Press: ? - help, Q - select action, (/) - cycle Shift-Dir - straight line, f/p - two-headed ogre
Aim: a two-headed ogre, wielding a +0 dire flail and a +0 giant spiked club (severely wounded, very poisoned, 77% to hit)
You throw a poisoned dart.
The poisoned dart barely misses the two-headed ogre.
Grinder gestures at you. You resist with some effort.
The two-headed ogre looks more healthy.
Throw: 10 darts (poison)
Press: ? - help, Q - select action, (/) - cycle Shift-Dir - straight line, f/p - two-headed ogre
Aim: a two-headed ogre, wielding a +0 dire flail and a +0 giant spiked club (almost dead, 77% to hit)
You throw a poisoned dart.
The poisoned dart barely misses the two-headed ogre.
Throw: 9 darts (poison)
Press: ? - help, Q - select action, (/) - cycle Shift-Dir - straight line, f/p - two-headed ogre
Aim: a two-headed ogre, wielding a +0 dire flail and a +0 giant spiked club (almost dead, 77% to hit)
You throw a poisoned dart.
The poisoned dart hits the two-headed ogre.
The two-headed ogre is poisoned.
The two-headed ogre is almost dead.
Grinder gestures at you.
You suddenly lose the ability to move!
Grinder blinks!
The two-headed ogre hits you with a +0 dire flail!!
The two-headed ogre hits you with a +0 giant spiked club!!
The two-headed ogre hits you with a +0 dire flail!!
Ouch! That really hurt!
You die...

#...##....................###. .
#....#.......###.........## ## o.
#....##.....###...........# #.
..o#....#.....#..............###.
....o...............((...........
#..##........##...............##.
## ##........##..........##)#####
#....###.##...O..........# ##
#............@.##....^...####.
####......##..................
##......#....#.............
##.....#.....#.......###(.
#....#......#.......###..
##...#.......#...##..##..
#.........#..#......#####
###.......#.......### ###
##.............### #<.


You could see a two-headed ogre (poisoned).

Vanquished Creatures
  Eustachio (D:5)
  4 yaks
  Edmund (D:5)
  A water moccasin (D:6)
  Duvessa (D:5)
  2 orc warriors (D:5)
  A phantom (D:5)
  2 scorpions (D:5)
  Dowan (D:5)
  A howler monkey (D:5)
  3 orc priests
  3 hounds
  3 jellies
  Jessica (D:2)
  2 iguanas (D:5)
  2 orc wizards
  Robin (D:2)
  4 gnolls
  4 adders
  A shadow imp (D:6)
  2 white imps (D:6)
  3 dart slugs
  24 orcs
  3 endoplasms
  3 giant cockroaches
  16 goblins
  8 hobgoblins
  3 jackals (D:4)
  A quokka (D:4)
  4 ball pythons
  5 bats
  3 frilled lizards
  7 kobolds
  4 rats
125 creatures vanquished.

Vanquished Creatures (others)
  A plant (D:1)
1 creature vanquished.

Grand Total: 126 creatures vanquished

Notes
Turn   | Place    | Note
-------+----------+-------------------------------------------
     0 | D:1      | Shayle the Tengu Brigand began the quest for the Orb.
     0 | D:1      | Reached XP level 1. HP: 12/12 MP: 2/2
   318 | D:1      | Reached XP level 2. HP: 17/17 MP: 3/3
  1032 | D:2      | Noticed Jessica
  1035 | D:2      | Killed Jessica
  1036 | D:2      | Reached skill level 1 in Spellcasting
  1036 | D:2      | Reached XP level 3. HP: 22/22 MP: 5/5
  1152 | D:2      | Reached XP level 4. HP: 23/27 MP: 5/7
  1486 | D:2      | Noticed Robin
  1876 | D:2      | Killed Robin
  2418 | D:3      | Gained mutation: Your magical nature lets you fly swiftly
                  | and evasively. [Tengu growth]
  2418 | D:3      | Reached XP level 5. HP: 22/32 MP: 8/8
  2760 | D:3      | Reached skill level 5 in Stealth
  2928 | D:3      | Learned a level 1 spell: Sting
  3128 | D:3      | Reached XP level 6. HP: 33/37 MP: 10/10
  3244 | D:3      | Found Lessoxki's Book Boutique.
  3378 | D:4      | Found Soenodam's General Store.
  3385 | D:4      | Bought a scroll of enchant armour for 75 gold pieces
  3385 | D:4      | Bought a scroll of identify for 20 gold pieces
  3385 | D:4      | Bought a scroll of magic mapping for 35 gold pieces
  3577 | D:4      | Found a runed translucent door.
  3578 | D:4      | Noticed Crazy Yiuf
  4299 | D:5      | Entered Level 5 of the Dungeon
  4473 | D:5      | Reached skill level 1 in Poison Magic
  4586 | D:5      | Reached skill level 1 in Transmutations
  4586 | D:5      | Reached XP level 7. HP: 37/42 MP: 10/12
  4647 | D:5      | Noticed Edmund
  4847 | D:5      | Found a staircase to the Ecumenical Temple.
  4852 | Temple   | Entered the Ecumenical Temple
  4953 | Temple   | Became a worshipper of Vehumet
  4991 | D:5      | Noticed Eustachio
  5003 | D:5      | Killed Eustachio
  5216 | D:5      | Learned a level 3 spell: Frozen Ramparts
  5402 | D:5      | Killed Edmund
  5403 | D:5      | Reached XP level 8. HP: 48/48 MP: 12/14
  5622 | D:6      | Noticed Grinder
  5639 | D:6      | Noticed Duvessa
  5639 | D:6      | Noticed Dowan
  5771 | D:5      | Killed Dowan
  5772 | D:5      | Reached skill level 1 in Ice Magic
  5776 | D:5      | Killed Duvessa
  6146 | D:6      | Noticed a yak
  6147 | D:6      | Noticed a yak
  6148 | D:6      | Noticed a yak
  6148 | D:6      | Noticed a yak
  6149 | D:6      | Noticed a yak
  6174 | D:5      | Killed a yak
  6758 | D:5      | Killed a yak
  6759 | D:5      | Reached skill level 5 in Fighting
  6783 | D:5      | Killed a yak
  6784 | D:5      | Reached skill level 5 in Dodging
  6804 | D:6      | Killed a yak
  6805 | D:6      | Reached XP level 9. HP: 11/54 MP: 16/16
  7301 | D:6      | Noticed a two-headed ogre
  8132 | D:6      | Paralysed by Grinder for 5 turns
  8136 | D:6      | Mangled by a two-headed ogre

Illustrated notes

Levels and vault maps discovered:
D:1:      roderic_crop_circles_arrival_small, layout_loops_ring,
          minmay_tetromino_s2
D:2:      layout_basic, uniq_robin, uniq_jessica
D:3:      layout_basic, serial_shops, shop
D:4:      minmay_general_purpose_star, layout_loops_corners, serial_shops,
          nicolae_stop_n_shop_1, uniq_crazy_yiuf_cottage
D:5:      layout_cave_pods, minmay_temple_entry_arrows, uniq_edmund,
          uniq_eustachio
D:6:      layout_cave_pools, minitemple, uniq_grinder, uniq_maggie, uniq_duvessa
Temple:   jpeg_temple_clearing

Skill      XL: |  1  2  3  4  5  6  7  8  9 |
---------------+----------------------------+-----
Dodging        | 2 3 4 5 |  5.5
Spellcasting   | 1 2 3 4 |  4.5
Fighting       | 3 4 5 |  5.5
Stealth        | 5 |  5.8
Poison Magic   | 1 2 3 4 |  4.1
Transmutations | 1 2 3 |  3.3
Ice Magic      | 2 |  2.7
Short Blades   | |  2.1
Throwing       | |  2.0

Action                   |  1- 3 |  4- 6 |  7- 9 || total
-------------------------+-------+-------+-------++-------
Melee: Dagger            |    50 |   171 |   161 ||   382
       Kick              |    11 |    48 |    67 ||   126
       Peck              |     5 |    37 |    44 ||    86
       Punch             |       |     3 |       ||     3
Throw: Dart              |       |       |    28 ||    28
Evoke: Wand              |       |       |     1 ||     1
  Use: Scroll            |       |     5 |    12 ||    17
       Potion            |       |     2 |     3 ||     5
 Stab: Sleeping          |     7 |     2 |     3 ||    12
       Paralysed         |       |       |     2 ||     2
Armor: Robe              |    15 |     7 |       ||    22
       Ring mail         |       |    38 |    38 ||    76
Dodge: Dodged            |    18 |    90 |   105 ||   213

Table legend: (Time is in decaauts)
 A = Elapsed time spent in this place.
 B = Non-inter-level travel time spent in this place.
 C = Inter-level travel time spent in this place.
 D = Time resting spent in this place.
 E = Time spent auto-exploring this place.
 F = Levels seen in this place.
 G = Mean time per level.
                   A        B        C        D        E       F      G
               +--------+--------+--------+--------+--------+-----+--------+
         Total |   7808 |   7597 |    211 |   2023 |   3577 |   7 | 1115.4 |
       Dungeon |   7700 |   7505 |    195 |   2023 |   3503 |   6 | 1283.3 |
        Temple |    108 |     93 |     15 |      0 |     74 |   1 |  108.0 |
               +--------+--------+--------+--------+--------+-----+--------+

Top non-repeatable levels by time:
     D:5: 2445 daAuts
     D:2: 1474 daAuts
     D:4: 1178 daAuts
     D:1: 952 daAuts
     D:3: 897 daAuts
     D:6: 752 daAuts
  Temple: 108 daAuts
